 Dungeon Crawl Stone Soup version 0.31-a0-188-g5e087ee2ca (webtiles) character file.

Game seed: 17208743789113183178

71 qw the Shooter (level 4, -2/25 HPs)
             Began as a Deep Elf Hunter on June 23, 2023.
             Slain by Natasha (6 damage)
             ... on level 2 of the Dungeon.
             The game lasted 00:00:25 (1111 turns).

qw the Shooter (Deep Elf Hunter)                    Turns: 1111, Time: 00:00:26

Health: -2/25      AC:  5    Str: 10    XL:     4   Next: 5%
Magic:  6/6        EV: 11    Int: 14    God:
Gold:   100        SH:  0    Dex: 18    Spells: 3/3 levels left

rFire   . . .        m - +0 shortbow (heavy)
rCold   . . .        (shield currently unavailable)
rNeg    . . .        d - +0 ring mail
rPois   .            (no helmet)
rElec   .            (no cloak)
rCorr   .            (no gloves)
SInv    .            (no boots)
Will    .....        (no amulet)
Stlth   +            (no ring)
HPRegen 0.24/turn    (no ring)
MPRegen 0.10/turn

%: no passive effects
@: no status effects
A: no striking features
a: no special abilities


You were on level 2 of the Dungeon.
You visited 1 branch of the dungeon, and saw 2 of its levels.

You collected 100 gold pieces.


   Skills:
 - Level 1.5 Fighting
 + Level 7.5 Ranged Weapons
 - Level 2.4 Dodging
 - Level 1.2 Stealth


You had 3 spell levels left.
You didn't know any spells.
Your spell library was empty.

Inventory:

Hand Weapons
 m - a +0 heavy shortbow (weapon)
Armour
 d - a +0 ring mail (worn)
Scrolls
 a - a scroll of brand weapon
 b - 3 scrolls of teleportation {unknown}
 h - a scroll of vulnerability {unknown}
 j - a scroll of blinking {unknown}
Potions
 c - a potion of might {unknown}
 e - a potion of enlightenment
 f - a potion of resistance {unknown}
 g - a potion of mutation {unknown}
 i - a potion of lignification {unknown}
 k - a potion of attraction {unknown}
 l - 3 potions of curing
 n - a potion of heal wounds {unknown}

Dungeon Overview and Level Annotations

Branches:
Dungeon (2/15)

Altars:

Annotations:
D:2 Natasha


Message History

Enter note:
Enter note:
Enter note: Natasha growls.
Natasha drinks a potion.
Natasha flickers and vanishes!
Deactivating autopickup; reactivate with Ctrl-A.
Enter note:
Enter note:
Enter note:
Enter note:
Enter note:
Enter note:
Enter note:
Enter note:
Enter note: You shoot an arrow.
The arrow closely misses the cerulean imp.
The cerulean imp barely misses you. The cerulean imp closely misses you.
You shoot an arrow. The arrow hits the cerulean imp.
The cerulean imp is moderately wounded.
The cerulean imp barely misses you.
The cerulean imp hits you from afar with a +1 spear.
You shoot an arrow.
The arrow closely misses the cerulean imp.
The cerulean imp hits you from afar with a +1 spear.
You shoot an arrow.
The arrow hits the cerulean imp but does no damage.
The cerulean imp is lightly wounded.
The cerulean imp misses you.
The cerulean imp hits you from afar with a +1 spear.
You shoot an arrow. The arrow hits the cerulean imp!
You kill the cerulean imp!
The cerulean imp disappears in a puff of smoke!
You shoot an arrow. Something claws you.
Something claws you but does no damage.
You shoot an arrow. Something claws you. x2
You shoot an arrow. Something claws you.
You die...

##.#.####...................#####
#.g..###.#...........##...######
###..#...#......................
###..#.###........#.......###...
#.......#..#.....##.......# #...
#.#.......#..#####..###...# ####
##.#..>......######..# #####
.................##..#
#.(#......######@.#..#
.........## ##...########## ##
...##....## ##..#...##...###.
####..........####......))....##.
........ .....^...............#.
..#..#.# ##..............<......
........ .....................##
.......# ##.......#..........##
..#.### #.......###...##...##


There were no monsters in sight!

Vanquished Creatures
  Natasha (D:2)
  A gnoll (D:2)
  A worm (D:2)
  2 ball pythons (D:2)
  3 giant cockroaches
  3 goblins
  4 hobgoblins (D:1)
  2 jackals (D:1)
  10 kobolds
  A quokka (D:2)
  A bat (D:1)
  A frilled lizard (D:2)
  A rat (D:2)
31 creatures vanquished.

Notes
Turn   | Place    | Note
-------+----------+-------------------------------------------
     0 | D:1      | qw the Deep Elf Hunter began the quest for the Orb.
     0 | D:1      | Reached XP level 1. HP: 12/12 MP: 3/3
     0 | D:1      | 0 ||| qw: Version: 0.3-a-9-g12657ce
     0 | D:1      | 0 ||| qw: Game counter: 3589
     0 | D:1      | 0 ||| qw: Always use a shield: true
     0 | D:1      | 0 ||| qw: God list: Okawaru
     0 | D:1      | 0 ||| qw: Allow faded altars: false
     0 | D:1      | 0 ||| qw: Do Orc after D:15 true
     0 | D:1      | 0 ||| qw: Do second Lair branch before Depths: true
     0 | D:1      | 0 ||| qw: Lair rune preference: random
     0 | D:1      | 0 ||| qw: Plans: Normal
     0 | D:1      | 0 ||| PLANNING D:1-11
   190 | D:1      | Reached skill level 6 in Ranged Weapons
   190 | D:1      | Reached XP level 2. HP: 16/16 MP: 4/4
   377 | D:1      | You fall into a shaft and drop 1 floor!
   466 | D:2      | 466 ||| UPGRADING to +0 ring mail.
   476 | D:2      | 476 ||| DROPPING +0 leather armour.
   477 | D:2      | 477 ||| READING scroll labelled TEEBABEM PIONUA.
   478 | D:2      | 478 ||| READING scroll labelled QOIDAE CUSON.
   479 | D:2      | 479 ||| READING scroll labelled BETUMI XEIGHIO.
   499 | D:2      | 499 ||| FLEEEEING.
   500 | D:2      | 500 ||| FLEEEEING.
   501 | D:2      | 501 ||| FLEEEEING.
   504 | D:2      | 504 ||| STAIRDANCE
   883 | D:1      | 883 ||| READING 2 scrolls labelled WYUGHAUGRO.
   884 | D:1      | 884 ||| READING scroll labelled EXOCENI FAGASK.
   885 | D:1      | 885 ||| DRINKING 2 bubbling green potions.
   886 | D:1      | 886 ||| DRINKING 2 inky potions.
   887 | D:1      | 887 ||| DROPPING scroll of butterflies.
   910 | D:2      | 910 ||| STAIRDANCE
   955 | D:2      | Reached XP level 3. HP: 20/20 MP: 5/5
  1028 | D:2      | Noticed Natasha
  1032 | D:2      | Killed Natasha
  1033 | D:2      | Reached skill level 7 in Ranged Weapons
  1064 | D:2      | Reached XP level 4. HP: 25/25 MP: 6/6
  1100 | D:2      | Noticed Natasha
  1102 | D:2      | 1102 ||| Stepping ~*~*~tactically~*~*~ (outnumbered).
  1110 | D:2      | HP: 4/25 [something (5)]
  1111 | D:2      | Slain by Natasha

Levels and vault maps discovered:
D:1:      eino_arrival_cavern_b, layout_basic, chequers_serial_rivers_room_a
D:2:      layout_rooms, minmay_goblin_outpost, uniq_natasha

Skill      XL: |  1  2  3 |
---------------+----------+-----
Ranged Weapons | 6 7 |  7.5
Fighting       | |  1.5
Dodging        | |  2.4
Stealth        | |  1.2

Action                     |  1- 3 |  4- 6 || total
---------------------------+-------+-------++-------
   Fire: Shortbow          |    56 |    18 ||    74
    Use: Scroll            |     5 |       ||     5
         Potion            |     2 |       ||     2
 Armour: Ring mail         |     1 |     2 ||     3
  Dodge: Dodged            |     7 |    10 ||    17

Table legend:
 A = Non-vault XP
 B = Vault XP
 C = Vault XP percentage of total XP
 D = Non-vault monster count
 E = Vault monster count
 F = Vault count percentage of total count
                 A         B        C        D         E       F
            +---------+---------+-------+---------+---------+-------
      Total |      67 |      35 |  34.3 |      30 |       1 |   3.2
            +---------+---------+-------+---------+---------+-------
        D:1 |      31 |       0 |   0.0 |      18 |       0 |   0.0
        D:2 |      36 |      35 |  49.3 |      12 |       1 |   7.7
            +---------+---------+-------+---------+---------+-------
